Unix NetHack Version 3.7.0-51 Work-in-progress - last build Mar 7 2022 13:06:07 (ce1e6a145e5d3e7dd6f4b57ba37794bc207988de,branch:master). Game began 2022-03-10 18:59:51, ended 2022-03-10 21:22:03. spontiff, neutral male gnomish Healer -- ----- ----.--- --- --.|.-- ......-- )... |.....| .......| ... --.....--- -.....(. ... - ........ ----....... ...--- --...... ......... -....---......- -..... ..- -....|......- -....--..| -..........| .........| --#.......-| -----....--..| --.......| --.--........- ----- |..|....-- |............|-----....| -----....-- --...<---.....--..|.....-- |....%---- |.....| |....../.........--- --..|.%..---.....| |..................- -----........---- --......@........| --..(....-- |..|.....(| -- -- |.......-- ------..--- --..|>--- |..| ------ ---- Spontiff the Rhizotomist St:10 Dx:8 Co:13 In:12 Wi:15 Ch:18 Neutral S:320 Dlvl:6 $:1135 HP:0(20) Pw:7(7) AC:3 Xp:1/0 T:1873 Hungry Blind Deaf Latest messages: You hear nothing special. The large cat bites the gnome. The gnome is killed! What do you want to use or apply? [abdijrsxSX or ?*] s In what direction? u Status of the large cat (neutral): Level 8 HP 51(57) AC 4, tame. You descend the stairs. You hear the roaring of an angry bear! You hear some noises in the distance. Gax's ghost attacks a spot beside you. What do you want to use or apply? [abdijrsxSX or ?*] s In what direction? k Status of gax's ghost (chaotic): Level 7 HP 74(74) AC -5. A tower of flame erupts from the floor! Your cloak smoulders! One of your emerald potions boils and explodes! You have a momentary vision. Call an emerald potion: hallumination Your fizzy potion boils and explodes! Your knees seem more flexible now. Call a fizzy potion: speed One of your potions of extra healing boils and explodes! Your lamp called lamp 1 catches light! What do you want to use or apply? [abdijrsxSX or ?*] x The lamp called lamp 1 flickers for a moment, then dies. What do you want to use or apply? [abdijrsxSX or ?*] x The lamp called lamp 1 flickers for a moment, then dies. What do you want to use or apply? [abdijrsxSX or ?*] X Your lamp is now off. There is a magic trap here. You see no objects here. There is a magic trap here. You see no objects here. You sit down. You are momentarily blinded by a flash of light! You hear a deafening roar! You sit down. You smell charred flesh. You feel yourself slow down. You sit down. You feel charismatic! You sit down. You smell charred flesh. You sit down. You feel rankled. It butts! It kicks! You die... Do you want your possessions identified? [ynq] (y) y Do you want to see the dungeon overview? [ynq] (y) y Major events: Turn 1: spontiff the neutral male gnomish Healer entered the dungeon 1281: entered the Gnomish Mines 1873: killed by a white unicorn Inventory: Coins $ - 1135 gold pieces Weapons W - an uncursed +0 dart K - an uncursed +0 elven dagger k - an uncursed +0 orcish dagger (alternate weapon; not wielded) Armor h - an uncursed +2 orcish helm (being worn) g - a blessed +1 pair of leather gloves (being worn) v - an uncursed +0 pair of iron shoes (being worn) q - an uncursed burnt +0 cloak of invisibility (being worn) m - an uncursed +0 dwarvish cloak Comestibles y - an uncursed apple n - an uncursed food ration Scrolls t - a cursed scroll of genocide Spellbooks b - an uncursed spellbook of create monster r - an uncursed spellbook of cure blindness j - a blessed spellbook of extra healing i - a blessed spellbook of healing a - a blessed spellbook of stone to flesh Potions C - 2 uncursed potions of extra healing u - an uncursed potion of hallucination c - a blessed potion of healing Rings R - an uncursed ring of cold resistance named !c Wands d - a blessed wand of polymorph (0:6) S - an uncursed wand of sleep (0:4) Tools X - an uncursed oil lamp x - a cursed oil lamp s - an uncursed stethoscope Gems/Stones p - an uncursed worthless piece of black glass B - an uncursed worthless piece of blue glass o - a cursed worthless piece of green glass z - 2 uncursed worthless pieces of yellow glass Spontiff the Healer's attributes: Background: You were a Rhizotomist, a level 1 male gnomish Healer. You were neutral, on a mission for Hermes who was opposed by Athena (lawful) and Poseidon (chaotic). You were in the Gnomish Mines, on level 6. You entered the dungeon 1873 turns ago. You had 0 experience points, 20 were needed to attain level 2. Your score was 320 before end-of-game adjustments. Basics: You had 0 out of 20 hit points. You had all 7 energy points (spell power). Your armor class was 3. Your wallet contained 1135 zorkmids. Autopickup was on for '$!/="?' plus thrown, with exceptions. Final Characteristics: Your strength was 10 (limit:18/50). Your dexterity was 8 (limit:18). Your constitution was 13 (limit:18). Your intelligence was 12 (limit:19). Your wisdom was 15 (limit:18). Your charisma was 18 (limit:18). Final Status: You were temporarily blind. You were deaf. You were hungry. You were unencumbered. You were empty handed. You were unskilled in bare handed combat. Final Attributes: You were devoutly aligned. You were poison resistant. You had infravision. You were invisible. You were warded. You are dead. Miscellaneous: You encountered 1 bones level. Total elapsed playing time was 1 hour, 22 minutes and 13 seconds. Vanquished creatures: a bugbear 2 dwarves a kobold leader an iguana a hobbit a hobgoblin a red mold 4 gnomes 2 garter snakes a gecko 8 jackals 4 foxes a kobold 4 goblins 8 grid bugs a bat 2 lichens 4 kobold zombies 2 newts 49 creatures vanquished. No species were genocided or became extinct. Voluntary challenges: You never hit with a wielded weapon. You were a pacifist. You read items or engraved 2 times. You never engraved Elbereth. You never genocided any monsters. You never polymorphed an object. You never changed form. You used no wishes. Achievement: You entered the Gnomish Mines. The Dungeons of Doom: levels 1 to 4 Level 1: "SMOKY blindness" Some fountains. Level 2: "Shocked Lop" A fountain, a sink. Level 3: Stairs down to The Gnomish Mines. Level 4: The Gnomish Mines: levels 4 to 7 Level 4: Level 5: Level 6: <- You were here. A grave. Final resting place for you, killed by a white unicorn, gax-Bar-Orc-Fem-Cha, killed by a white unicorn. Level 7: Game over: ---------- / \ / REST \ / IN \ / PEACE \ / \ | spontiff | | 1135 Au | | killed by a | | white unicorn | | | | | | 2022 | *| * * * | * _________)/\\_//(\/(/\)/\//\/|_)_______ Goodbye spontiff the Healer... You died in The Gnomish Mines on dungeon level 6 with 318 points, and 1135 pieces of gold, after 1873 moves. You were level 1 with a maximum of 20 hit points when you died.